 Dungeon Crawl Stone Soup version 0.14.2 (webtiles) character file.

2292 Amnesiac the Evocator (level 9, 0/41 HPs)
             Began as a Spriggan Artificer on Feb 10, 2018.
             Was a High Priest of Nemelex Xobeh.
             Killed by a card of wild magic (41 damage)
             ... on Level 5 of the Dungeon.
             The game lasted 00:17:19 (6642 turns).

Amnesiac the Evocator (Spriggan Artificer)          Turns: 6642, Time: 00:17:20

HP   0/41        AC  2     Str 18      XL: 9   Next:  7%
MP  26/32        EV 21     Int  6 (9)  God: Nemelex Xobeh [*****.]
Gold 190         SH  0     Dex 14      Spells:  0 memorised,  8 levels left

rFire  . . .     SeeInvis +     l - ornate deck of wonders {drawn: 4}
rCold  . . .     Clarity  .     e - +0 robe
rNeg   . . .     Conserve .     (shield restricted)
rPois  .         rCorr    .     (helmet restricted)
rElec  .         rRot     .     (no cloak)
SustAb . .       Spirit   .     (gloves unavailable)
rMut   .         Warding  .     (boots unavailable)
Saprov . . .     Stasis   .     (no amulet)
MR     +....                    u - ring of sustenance
                                f - +1 ring of strength

@: sage [Short Blades, Evocations], very quick, somewhat resistant to hostile
enchantments, fairly stealthy
A: unfitting armour, see invisible, herbivore 3, speed 3, slow metabolism 2
a: Draw One, Peek at Two, Triple Draw, Deal Four, Stack Five, Renounce Religion


You were on level 5 of the Dungeon.
You worshipped Nemelex Xobeh.
Nemelex Xobeh was extremely pleased with you.
You were not hungry.

You visited 1 branch of the dungeon, and saw 5 of its levels.

You collected 190 gold pieces.

Inventory:

Hand weapons
 w - a +0,+1 trident
Missiles
 j - 6 poisoned needles
 r - 3 needles of paralysis
Armour
 e - a +0 robe (worn)
Magical devices
 a - a wand of lightning (2)
 c - a wand of enslavement (14)
 m - a wand of teleportation (2)
 x - a wand of disintegration (13) {unknown}
 z - a wand of confusion (1)
Comestibles
 h - 4 bread rations
 k - a choko
Scrolls
 n - 2 scrolls of remove curse {!r}
 q - 7 scrolls of identify {!r}
 s - a scroll of noise {!r, unknown}
 y - a scroll of fog {!r, unknown}
 C - a scroll of enchant weapon II {!r, unknown}
Jewellery
 f - a +1 ring of strength (left hand)
 u - a ring of sustenance (right hand)
 A - an uncursed amulet of warding {unknown}
Potions
 b - a potion of heal wounds {!q}
 d - a potion of brilliance {!q}
 i - 2 potions of cure mutation {!q}
 o - a potion of restore abilities {!q, unknown}
 p - 2 potions of curing {!q}
 t - a potion of porridge {!q}
Miscellaneous
 l - an ornate deck of wonders {drawn: 4} (in hand)
 B - a plain deck of destruction {drawn: 1}


   Skills:
 - Level 1.0 Fighting
   Level 1.1 Short Blades
 + Level 7.1 Dodging
 - Level 1.5 Stealth
 * Level 25.5 Evocations


You had 8 spell levels left.
You didn't know any spells.

Dungeon Overview and Level Annotations

Branches:
Dungeon (5/15)
 Temple: D:4-7

Altars:
Nemelex Xobeh
Yredelemnul


Innate Abilities, Weirdness & Mutations

You are tiny and cannot use many weapons and most armour.
You have supernaturally acute eyesight.
You are a herbivore.
You cover ground extremely quickly.
You need consume almost no food.


Message History

You miss the bat. The bat misses you.
Your crimson imp blinks!
The bat completely misses you.
You hit the bat.
You kill the bat!
Your insubstantial wisp disappears in a puff of smoke!
No target in view!
You see here a bat corpse.
You offer a prayer to Nemelex Xobeh.
The bat corpse disappears without a glow.
Nemelex Xobeh is greatly pleased with you.
Wield which item (- for none, * to show all)? (? for menu, Esc to quit)
B - a plain deck of destruction {drawn: 1} (in hand) Wield which item (- for none, * to show all)? (? for menu, Esc to quit)
v - a plain deck of wonders {drawn: 2} (in hand)
You draw a card...
It is Shuffle.
You draw a card...
It is Experience.
You feel more experienced.
Your Evocations skill gained 11 levels and is now at level 21!
You have reached level 8!
Unknown command.
You draw a card...
It is Shuffle.
You draw a card...
It is Experience.
You feel more experienced.
Your Evocations skill gained 4 levels and is now at level 25!
You have reached level 9!
Your experience leads to an increase in your attributes!
Increase (S)trength, (I)ntelligence, or (D)exterity?
You feel agile. Nemelex Xobeh grants you a gift!
Something appears at your feet!
D - a plain deck of cards {god gift} You draw a card...
It is the Sage.
You feel studious about Short Blades.
You draw a card...
It is the Potion.
The deck of cards disappears in a puff of smoke.
You are now empty-handed.
You are confused.
You start resting.
Your aura of abjuration expires.
You start resting.
You feel less confused.
Wield which item (- for none, * to show all)? (? for menu, Esc to quit)
D - a plain deck of cards (in hand) {god gift} You draw a card...
It is Repulsiveness.
This is a plain deck of summonings {drawn: 1}.
You draw a card...
It is Repulsiveness.
You draw a card...
It is the Dance.
You draw a card...
It is Repulsiveness.
The deck of cards disappears in a puff of smoke.
You are now empty-handed.
You can now order the top five cards of a deck, losing the rest.
Your basilisk disappears in a puff of smoke!
Evoke which item? (* to show all) (? for menu, Esc to quit)
You don't have any such object.
Evoke which item? (* to show all) (? for menu, Esc to quit)
Okay, then.
Wield which item (- for none, * to show all)? (? for menu, Esc to quit)
l - an ornate deck of wonders {drawn: 2} (in hand)
You draw a card...
It is the Sage.
You feel studious about Evocations.
You draw a card...
It is Wild Magic.
There is a sudden and violent explosion of flames!
The fireball engulfs you!
Your scroll labeled LEPUVUREAQ {!r} catches fire!
Ouch! That really hurt!
You die...
Your body disappears without a glow.

##### ...## (u.#
. . ### #uu#
..... ..# #@5#
...... #.# #zz#
#....# #.# #zZ#
#....# #.# #zu#
#....###.# #..#
#....##.###..# .
#......§v....####
#..
##...##.####....#
..
##.###.......#.#


You could see 4 friendly ugly things, a friendly runed hammer, a friendly
crimson imp, a friendly bat skeleton, a friendly jackal skeleton, 2 friendly
giant frog skeletons and a friendly centaur skeleton.

Vanquished Creatures
  A centaur (D:5)
  Duvessa (D:4)
  Dowan (D:4)
  A centaur skeleton (D:4)
  An orc wizard (D:4)
  6 gnolls
  8 adders
  A worm (D:5)
  4 giant geckos
  4 orcs
  5 ball pythons
  4 giant cockroaches
  10 hobgoblins
  14 bats
  4 giant newts
  11 goblins
  2 hobgoblin skeletons
  4 jackals
  14 kobolds
  A kobold skeleton (D:4)
  2 kobold zombies
  An orc zombie (D:5)
  13 rats
113 creatures vanquished.

Vanquished Creatures (collateral kills)
  A human (D:2)
  A scorpion (D:5)
  An orc priest (D:5)
  An iguana (D:5)
  An orc wizard (D:5)
  An orc zombie (D:5)
  An orc (D:5)
7 creatures vanquished.

Vanquished Creatures (others)
  An insubstantial wisp (D:5)
  An ufetubus (D:5)
  A giant gecko skeleton (D:5)
  2 butterflies (D:5)
5 creatures vanquished.

Grand Total: 125 creatures vanquished

Notes
Turn   | Place    | Note
--------------------------------------------------------------
     0 | D:1      | Amnesiac, the Spriggan Artificer, began the quest for the Orb.
     0 | D:1      | Reached XP level 1. HP: 9/9 MP: 2/2
   129 | D:1      | Reached skill level 1 in Fighting
   247 | D:1      | Reached XP level 2. HP: 14/14 MP: 5/5
   656 | D:2      | Reached skill level 5 in Evocations
   656 | D:2      | Reached XP level 3. HP: 7/18 MP: 8/8
   969 | D:2      | Found a sparkling altar of Nemelex Xobeh.
   977 | D:2      | Became a worshipper of Nemelex Xobeh the Trickster
   985 | D:2      | Received a gift from Nemelex Xobeh
  1619 | D:1      | Acquired Nemelex Xobeh's first power
  2269 | D:2      | Reached skill level 6 in Evocations
  2269 | D:2      | Reached XP level 4. HP: 17/22 MP: 10/12
  2455 | D:2      | Noticed a human
  2472 | D:2      | Found a basalt altar of Yredelemnul.
  2514 | D:2      | Killed a human
  2514 | D:2      | Reached skill level 5 in Dodging
  2514 | D:2      | Reached skill level 7 in Evocations
  2514 | D:2      | Reached XP level 5. HP: 5/25 MP: 16/16
  3460 | D:3      | Acquired Nemelex Xobeh's second power
  3711 | D:3      | Reached skill level 8 in Evocations
  4471 | D:4      | Noticed Dowan
  4486 | D:4      | Killed Dowan
  4486 | D:4      | Reached XP level 6. HP: 19/30 MP: 17/19
  4718 | D:4      | Received a gift from Nemelex Xobeh
  5394 | D:4      | Acquired Nemelex Xobeh's third power
  5441 | D:4      | Noticed Duvessa
  5491 | D:5      | Entered Level 5 of the Dungeon
  5536 | D:4      | XOM: potion effect (heal wounds)
  5541 | D:4      | Killed Duvessa
  5541 | D:4      | Reached skill level 9 in Evocations
  6061 | D:5      | Received a gift from Nemelex Xobeh
  6076 | D:5      | Reached XP level 7. HP: 16/33 MP: 22/22
  6379 | D:5      | Acquired Nemelex Xobeh's fourth power
  6379 | D:5      | Received a gift from Nemelex Xobeh
  6537 | D:5      | Received a gift from Nemelex Xobeh
  6581 | D:5      | Reached skill level 10 in Evocations
  6595 | D:5      | Received a gift from Nemelex Xobeh
  6603 | D:5      | Noticed a vapour
  6622 | D:5      | Shuffle card: Str 13[14], Int 17[14], Dex 9[9]
  6623 | D:5      | Reached skill level 21 in Evocations
  6623 | D:5      | Reached XP level 8. HP: 37/37 MP: 22/29
  6624 | D:5      | Shuffle card: Str 17[18], Int 9[6], Dex 13[13]
  6625 | D:5      | Reached skill level 25 in Evocations
  6625 | D:5      | Reached XP level 9. HP: 41/41 MP: 22/32
  6625 | D:5      | Received a gift from Nemelex Xobeh
  6639 | D:5      | Acquired Nemelex Xobeh's fifth power
  6642 | D:5      | Killed by a card of wild magic

Action                   |  1- 3 |  4- 6 |  7- 9 || total
-------------------------+-------+-------+-------++-------
Melee: Short sword       |    85 |    46 |       ||   131
       Whip              |    41 |       |       ||    41
       Dagger            |     6 |   181 |       ||   187
       Trident           |       |    75 |    39 ||   114
Evoke: Wand              |    10 |    23 |       ||    33
       Deck              |       |    11 |    39 ||    50
  Use: Scroll            |     2 |     3 |       ||     5
       Potion            |       |     4 |       ||     4
 Stab: Sleeping          |     2 |     9 |     1 ||    12
       Distracted        |       |     2 |       ||     2
       Confused          |       |     1 |       ||     1
